Map: 카이로스 정션 - 래더

Players

sOs - Winner!

  • Race: Protoss Protoss
  • Spawn Location: 11:00

Awers

  • Race: Terran Terran
  • Spawn Location: 5:00

Event: IEM Season 13: Katowice (2019)

VOD

Have the link to the VOD?

Description

Time

  • Played on: Feb. 25, 2019, 4:17 a.m.
  • Length: 6:40

All games in this series

Show
View Real Time Build Order
Export as new Build Order

sOs Protoss - Winner!

Build Orders: 1 Gate Expand, Phoenix Opening 

Get SALT Encoding   

  12  0:00  Probe  
  13  0:12  Probe  
  14  0:17  Pylon  
  14  0:24  Probe  
  15  0:32  Probe  
  15  0:37  Gateway  
  15  0:40  Probe  
  16  0:46  Assimilator  
  17  0:51  Probe  
  18  1:03  Probe  
  19  1:15  Probe  
  20  1:23  Nexus  
  20  1:32  Cybernetics Core  
  20  1:35  Probe  
  21  1:42  Assimilator  
  21  1:47  Probe  
  21  1:51  Pylon  
  22  1:59  Adept, Probe  
  23  2:08  Warp Gate  
  23  2:11  Probe  
  23  2:13  Pylon  
  26  2:23  Probe  
  26  2:29  Sentry  
  29  2:32  Probe  
  29  2:33  Probe  
  31  2:37  Robotics Facility  
  31  2:40  Probe  
  31  2:41  Probe  
  31  2:49  Probe  
  31  2:50  Probe  
  33  2:55  Sentry  
  37  3:01  Probe  
  37  3:02  Probe  
  37  3:03  Phoenix  
  39  3:09  Gateway  
  39  3:10  Probe  
  39  3:12  Gateway  
  39  3:14  Probe  
  39  3:19  Probe  
  41  3:24  Observer  
  41  3:26  Probe  
  44  3:30  Probe  
  44  3:33  Pylon  
  45  3:38  Probe  
  46  3:45  Probe  
  46  3:46  Assimilator  
  47  3:48  Assimilator  
  47  3:50  Robotics Bay, Probe  
  47  3:51  Warp Prism  
  50  3:58  Probe  
  50  4:02  Twilight Council, Probe  
  52  4:06  Stalker  
  52  4:07  Stalker x2  
  58  4:10  Pylon  
  58  4:13  Probe  
  58  4:14  Probe  
  60  4:23  Blink  
  60  4:31  Stalker x3  
  61  4:34  Observer  
  61  4:36  Pylon  
  66  4:53  Nexus  
  66  5:01  Stalker x3  
  72  5:08  Observer  
  71  5:22  Probe x2  
  71  5:26  Gateway  
  71  5:28  Gateway  
  73  5:31  Gateway  
  73  5:36  Stalker x2  
  73  5:38  Probe  
  78  5:44  Pylon  
  78  5:47  Probe  
  73  5:52  Probe  
  74  6:00  Probe  
  75  6:04  Probe  
  75  6:06  Gateway, Forge  
  75  6:10  Gateway  
  74  6:12  Probe  
  74  6:16  Probe  
  74  6:17  Probe  
  77  6:23  Stalker x4  
  77  6:24  Probe  
  77  6:25  Zealot x2  
Show
View Real Time Build Order
Export as new Build Order

Awers Terran 

Build Orders: Cyclone Opening, Gas First Reaper Expand, Mech 

Get SALT Encoding   

  12  0:00  SCV  
  13  0:13  SCV  
  14  0:17  Supply Depot  
  14  0:25  SCV  
  14  0:27  Refinery  
  15  0:39  SCV  
  16  0:44  Barracks  
  16  0:51  SCV  
  17  1:03  SCV  
  18  1:15  SCV  
  19  1:31  Reaper  
  19  1:32  Orbital Command  
  20  1:48  Command Center  
  20  1:56  Factory  
  20  1:59  SCV  
  21  2:06  Refinery  
  21  2:07  Barracks Tech Lab  
  21  2:11  SCV  
  22  2:15  Supply Depot  
  22  2:23  SCV  
  23  2:37  SCV  
  24  2:46  Cyclone  
  24  2:48  Barracks Reactor  
  24  2:50  SCV  
  28  3:00  Mag-Field Accelerator, Orbital Command  
  28  3:02  SCV  
  29  3:07  Refinery  
  29  3:14  SCV  
  29  3:18  Cyclone  
  33  3:27  SCV x2  
  34  3:30  Marine x2  
  37  3:37  Factory  
  37  3:39  SCV x2  
  39  3:46  Supply Depot, Refinery  
  39  3:51  SCV x2  
  39  3:55  Cyclone  
  43  4:03  SCV x2  
  45  4:10  Supply Depot  
  45  4:12  Factory  
  45  4:15  SCV x2, Barracks Tech Lab  
  47  4:27  SCV  
  47  4:28  SCV  
  49  4:31  Siege Tank  
  49  4:33  Supply Depot  
  55  4:38  Siege Tank  
  55  4:39  SCV  
  55  4:40  SCV  
  57  4:49  Barracks Reactor  
  57  4:51  SCV  
  57  4:52  SCV, Factory  
  61  5:00  Hellion  
  61  5:01  Hellion  
  61  5:03  SCV  
  62  5:19  Siege Tank  
  62  5:20  Siege Tank  
  61  5:33  Hellion  
  62  5:44  Supply Depot  
  56  5:52  Orbital Command  
  52  6:06  Hellion  
  54  6:18  SCV  
  54  6:21  Supply Depot  
  54  6:22  SCV  
  62  6:34  Armory  

Tags
 
Add a new tag
Caveats
  • Supply blocks, unpowered buildings, or Contaminate may cause inaccurate times.
  • Supply counts are checked every 10 seconds.